 Dungeon Crawl Stone Soup version 0.25-a0-589-g1e14c549ee (webtiles) character file.

Game seed: 274270008509027853, levelgen mode: deterministic

18 Mobile the Magician (level 2, -1/19 HPs)
             Began as an Octopode Wizard on Mar 12, 2020.
             Slain by a hound (4 damage)
             ... on level 2 of the Dungeon.
             The game lasted 00:01:37 (720 turns).

Mobile the Magician (Octopode Wizard)                Turns: 720, Time: 00:01:37

Health: -1/19      AC:  1    Str:  6    XL:     2   Next: 66%
Magic:  5/6        EV: 13    Int: 20    God:
Gold:   32         SH:  0    Dex: 10    Spells: 6/7 levels left

rFire    . . .     SeeInvis .   (no weapon)
rCold    + . .     Gourm    .   (no shield)
rNeg     . . .     Faith    .   a - +0 hat
rPois    .         Spirit   .   (no amulet)
rElec    .         Reflect  .   k - ring of protection from cold
rCorr    .         Harm     .   (no ring)
MR       .....                  (no ring)
Stlth    +++.......             (no ring)
HPRegen  0.06/turn              (no ring)
MPRegen  0.10/turn              (no ring)
                                (no ring)
                                (no ring)

@: no status effects
A: almost no armour, stealthy swim, amphibious, 8 rings, constrict 8, camouflage
1, gelatinous body 1
a: no special abilities


You were on level 2 of the Dungeon.
You were not hungry.

You visited 1 branch of the dungeon, and saw 3 of its levels.

You collected 32 gold pieces.

Inventory:

Armour
 a - a +0 hat (worn)
Jewellery
 k - a ring of protection from cold (left tentacle)
Scrolls
 b - 2 scrolls of amnesia {unknown}
 d - a scroll of remove curse {unknown}
 e - 3 scrolls of enchant weapon {unknown}
 g - a scroll of fear {unknown}
 h - a scroll of immolation {unknown}
 i - a scroll of fog {unknown}
 j - a scroll of enchant armour {unknown}
Potions
 f - a potion of haste {unknown}
Comestibles
 c - 3 rations


   Skills:
 + Level 2.2 Fighting
 - Level 2.0 Dodging
 - Level 2.6 Stealth
 - Level 3.0 Spellcasting
 - Level 1.0 Conjurations
   Level 1.0 Summonings
   Level 1.0 Translocations


You had 6 spell levels left.
You knew the following spells:

 Your Spells              Type           Power        Failure   Level  Hunger
a - Magic Dart            Conj           #...         10%         1    None

Your spell library contained the following spells:

 Spells                   Type           Power        Failure   Level  Hunger
 Blink                    Tloc           N/A          14%         2    ##.....
 Call Imp                 Summ           #.......     14%         2    ##.....
 Slow                     Hex            #.......     22%         2    ##.....
 Conjure Flame            Conj/Fire      #.......     34%         3    ###....
 Mephitic Cloud           Conj/Pois/Air  #.......     36%         3    ###....


Dungeon Overview and Level Annotations

Branches:
Dungeon (3/15)

Altars:


Innate Abilities, Weirdness & Mutations

You cannot wear most types of armour.
You are very stealthy in the water. (Stealth+)
You are amphibious.
You can wear up to eight rings at the same time.
You can use your tentacles to constrict eight enemies at once.
Your skin changes colour to match your surroundings (Stealth+).
Your rubbery body absorbs attacks. (AC +1, EV +1)


Message History

There is a stone staircase leading up here.
The giant cockroach bites you but does no damage.
The hound barely misses you.
You climb upwards.
There is a stone staircase leading down here.
You tentacle-slap the hound. Your grab misses the hound.
The hound is lightly wounded.
The hound misses you. The giant cockroach bites you.
The giant cockroach barely misses you. The hound bites you.
* * * LOW HITPOINT WARNING * * *
You tentacle-slap the hound but do no damage.
You grab the hound.
The hound is lightly wounded.
You constrict the hound, but do no damage.
The hound barely misses you. The giant cockroach barely misses you.
You tentacle-slap the hound but do no damage.
The hound is lightly wounded.
You constrict the hound, but do no damage.
The hound bites you.
You die...

# ..####
#.#....#
##.#.%..####
........s@#
.#.!..##h#
....# #.#
#.#.# #.#
#.#.###.#
#.......# ##
#...###.#
....#...#
#.#
#.....###.#


You could see a hound and a giant cockroach.

Vanquished Creatures
  2 giant cockroaches
  2 goblins (D:1)
  3 hobgoblins (D:1)
  3 jackals (D:1)
  2 kobolds (D:1)
  3 rats (D:1)
15 creatures vanquished.

Notes
Turn   | Place    | Note
-------+----------+-------------------------------------------
     0 | D:1      | Mobile the Octopode Wizard began the quest for the Orb.
     0 | D:1      | Reached XP level 1. HP: 11/11 MP: 4/4
    77 | D:1      | Reached skill level 1 in Fighting
   236 | D:1      | Reached XP level 2. HP: 18/18 MP: 3/6
   696 | D:2      | You fall into a shaft and drop 1 floor!
   720 | D:2      | Slain by a hound

Levels and vault maps discovered:
D:1:      roderic_crop_circles_arrival_small, layout_rooms,
          serial_bayou_crossing
D:2:      layout_basic, nicolae_ru_great_annihilating_truth, first_ration,
          tgw_trog, uniq_sigmund
D:3:      layout_loops_ring, good_gods_mini_temple, kennysheep_vampire_church,
          uniq_natasha, uniq_terence

Skill      XL: |  1  2 |
---------------+-------+-----
Fighting       | 1 2 |  2.2
Dodging        | |  2.0
Stealth        | |  2.6
Spellcasting   | |  3.0
Conjurations   | |  1.0
Summonings     | |  1.0
Translocations | |  1.0

Action                   || total
-------------------------++-------
Melee: Unarmed           ||    38
       Constrict         ||    11
       Tentacles         ||     5
 Cast: Magic Dart        ||    24
 Stab: Sleeping          ||     1
Armor: Skin              ||     4
Dodge: Dodged            ||    29

Table legend:
 A = Non-vault XP
 B = Vault XP
 C = Vault XP percentage of total XP
 D = Non-vault monster count
 E = Vault monster count
 F = Vault count percentage of total count
                 A         B        C        D         E       F
            +---------+---------+-------+---------+---------+-------
      Total |      26 |       0 |   0.0 |      15 |       0 |   0.0
            +---------+---------+-------+---------+---------+-------
        D:1 |      24 |       0 |   0.0 |      14 |       0 |   0.0
        D:2 |       2 |       0 |   0.0 |       1 |       0 |   0.0
            +---------+---------+-------+---------+---------+-------
